 Dungeon Crawl Stone Soup version 0.29.0-13-gc9e81de378 (webtiles) character file.

Game seed: 1924344909210100284

20391 mtoz the Cleaver (level 12, -24/77 HPs)
             Began as a Gargoyle Berserker on Sept 8, 2022.
             Was an Elder of Trog.
             Killed from afar by an oklob plant (36 damage)
             ... with a splash of acid
             ... on level 11 of the Dungeon.
             The game lasted 01:15:01 (14567 turns).

mtoz the Cleaver (Gargoyle Berserker)              Turns: 14567, Time: 01:15:01

Health: -24/77     AC: 24    Str: 28    XL:     12   Next: 79%
Magic:  12/12      EV: 14    Int: 15    God:    Trog [****..]
Gold:   1054       SH:  0    Dex: 12    Spells: 11/11 levels left

rFire   + . .      SeeInvis .   a - +8 broad axe "Bar Lit" {spect, *Noise Str+3 Dex+3}
rCold   . . .      Faith    +   (no shield)
rNeg    + . .      Spirit   .   g - +6 plate armour "Xinotuf" {Contam Int+6}
rPois   ∞          Reflect  .   k - +2 helmet
rElec   +          Harm     .   z - +2 cloak {Stlth+}
rCorr   .          Rampage  .   i - +2 pair of gloves {hurl}
Will    ++...                   G - +0 pair of boots
Stlth   ..........              x - amulet of faith
HPRegen 1.22/turn               o - +4 ring of evasion
MPRegen 0.13/turn               q - ring of protection from fire

@: strong-willed, corroded, on berserk cooldown, regenerating, slowed, very slow
A: sickness immunity, AC +8, negative energy resistance 1, electricity
resistance, torment resistance 1, petrification resistance
a: Renounce Religion, Berserk, Trog's Hand, Brothers in Arms


You were on level 11 of the Dungeon.
You worshipped Trog.
Trog was greatly pleased with you.
You visited 1 branch of the dungeon, and saw 11 of its levels.
You also visited: Ossuary and Bailey.

You collected 1054 gold pieces.

Inventory:

Hand Weapons
 a - the +8 broad axe "Bar Lit" (weapon) {spect, *Noise Str+3 Dex+3}
   (You acquired it on level 9 of the Dungeon)

   When its wielder attacks, the weapon's spirit leaps out and strikes again.
   The spirit shares a part of any damage it takes with its wielder.
   Str:       It affects your strength (+3).
   Dex:       It affects your dexterity (+3).
   *Noise:    It may make noises in combat.
 b - a +2 hand axe of flaming
 f - the +3 trident "Alemuq" {elec, rElec Str+3 Stlth+}
   (You took it off an orc warrior in a bailey)

   It occasionally discharges a powerful burst of electricity upon striking a
   foe.
   Str:       It affects your strength (+3).
   rElec:     It insulates you from electricity.
   Stlth:     It makes you more stealthy.
 y - a +2 battleaxe
Missiles
 j - 7 poisoned darts (quivered)
 R - 46 stones
Armour
 g - the +6 plate armour "Xinotuf" (worn) {Contam Int+6}
   (You took it off an orc warrior in a bailey)

   Int:       It affects your intelligence (+6).
   Contam:    It causes magical contamination when unequipped.
 i - a +2 pair of gloves of hurling (worn)
 k - a +2 helmet (worn)
 z - a +2 cloak of stealth (worn)
 G - a +0 pair of boots (worn)
 L - a +3 plate armour of positive energy
Jewellery
 o - a +4 ring of evasion (left hand)
 q - a ring of protection from fire (right hand)
 v - a +6 ring of strength
 x - an amulet of faith (around neck)
 I - a ring of flight
Wands
 d - a wand of acid (7)
 t - a wand of paralysis (17)
Scrolls
 h - 6 scrolls of teleportation
 n - 3 scrolls of poison
 s - a scroll of identify
 w - a scroll of brand weapon
 A - a scroll of enchant armour
 H - 3 scrolls of enchant weapon
 Q - 2 scrolls of vulnerability
 S - a scroll of fear
 U - 2 scrolls of immolation
Potions
 c - 2 potions of berserk rage
 e - a potion of might
 l - 5 potions of curing
 m - a potion of mutation
 p - 3 potions of cancellation
 r - 3 potions of lignification
 u - 2 potions of haste
 B - 4 potions of attraction
 C - a potion of heal wounds


   Skills:
 + Level 10.0 Fighting
 * Level 11.5 Axes
 + Level 7.8 Throwing
 + Level 9.7 Armour
 + Level 7.4 Dodging


You had 11 spell levels left.
You didn't know any spells.
Your spell library was empty.

Dungeon Overview and Level Annotations

Branches:
Dungeon (11/15)            Temple (0/1) D:5            Lair (0/5) D:11
    Orc (0/2) D:11        Ossuary (visited)          Bailey (visited)

Altars:
Kikubaaqudgha
Makhleb
Nemelex Xobeh
Okawaru
Trog
Uskayaw
Wu Jian

Shops:
D:4 *   D:6 [   D:11 (

Annotations:
D:11 exclusions: oklob plant and oklob sapling


Innate Abilities, Weirdness & Mutations

You are immune to sickness and miasma.
Your stone body is resilient. (AC +8)
You are immune to poison.
You resist negative energy. (rN+)
You are resistant to electric shocks. (rElec)
You are resistant to unholy torment.
You are immune to petrification.


Message History

The oklob sapling spits acid at you.
The splash of acid hits you but does no damage.
Marking area around an oklob plant as unsafe for travelling.
Things that are here:
a ball python corpse; an adder corpse You enter the shallow water.
Moving in this stuff is going to be slow.
The oklob plant spits acid at you.
The splash of acid hits you but does no damage.
The oklob sapling spits acid at you.
The splash of acid hits you but does no damage.
The oklob sapling spits acid at you.
The splash of acid hits you but does no damage.
The acid corrodes you! The oklob plant spits acid at you.
The splash of acid hits you!! The acid corrodes you!
The oklob plant spits acid at you. The splash of acid hits you!
The acid corrodes you! The oklob sapling spits acid at you.
The splash of acid hits you!!
A red film seems to cover your vision as you go berserk!
You feel yourself moving faster!
You feel mighty! The oklob sapling spits acid at you.
The splash of acid hits you but does no damage.
You feel a strong urge to attack something.
The oklob plant spits acid at you. The splash of acid hits you!!
* * * LOW HITPOINT WARNING * * *
The acid corrodes you! The oklob sapling spits acid at you.
The splash of acid hits you but does no damage.
The acid corrodes you! The oklob sapling spits acid at you.
The splash of acid misses you.
You feel your anger nearly subside.
You are no longer berserk.
You are exhausted.
You feel yourself slow down. The oklob plant spits acid at you.
The splash of acid hits you!!!
You die...

######## #......##
####....#..#
##.......##.#
##~≈.......#.###########
♣≈~≈....♣♣♣♣............
♣~♣♣♣♣♣♣†≈♣♣............
♣..♣≈@≈≈♣♣............
♣≈~≈≈≈≈♣♣...........
♣≈~≈≈P≈≈♣...........
♣≈≈~≈≈≈.♣♣..........
♣~≈~~~~≈~P≈♣..........
♣≈~≈≈≈≈.≈≈!♣..........
♣♣♣~≈≈≈♣≈P.♣..........
≈♣♣~♣♣♣♣♣♣♣..........
##♣♣≈≈#+# ♣..........


You could see an oklob plant and an oklob sapling.

Vanquished Creatures
  Snorg (D:11)
  Josephine (D:11)
  Erolcha (D:9)
  2 two-headed ogres
  A tengu warrior (D:11)
  Amaemon (D:9)
  2 orc knights (Bailey)
  Maurice (D:9)
  An orange demon (D:9)
  A kobold demonologist (D:8)
  5 hornets
  3 meliai (D:11)
  2 shadows (D:11)
  5 wyverns
  Eustachio (D:5)
  26 yaks
  7 wraiths
  A human (shapeshifter) (D:9)
  2 vampire mosquitoes (D:10)
  Edmund (D:5)
  A steam dragon (D:8)
  An acid dragon (D:11)
  3 water moccasins
  8 orc warriors
  A hornet zombie (Ossuary)
  2 ice beasts (D:8)
  4 black bears
  2 ogres
  9 centaurs
  A phantom (D:2)
  2 kobold brigands (D:8)
  A wyvern zombie (Ossuary)
  A necrophage (D:8)
  9 bullfrogs
  3 scorpions
  A water moccasin zombie (Ossuary)
  10 wights
  A killer bee (D:8)
  2 centaur zombies (Ossuary)
  6 howler monkeys (D:8)
  A crimson imp (D:6)
  A jelly (D:7)
  10 bullfrog zombies (Ossuary)
  2 hounds
  6 orc priests
  A gnoll bouda (D:5)
  Ijyb (D:3)
  3 iguanas
  10 orc wizards
  3 killer bee zombies (Ossuary)
  12 mummies (Ossuary)
  2 howler monkey zombies (Ossuary)
  13 adders
  5 gnolls (D:5)
  3 shadow imps
  3 white imps
  An ufetubus (D:7)
  2 worms
  A dart slug (D:3)
  47 orcs
  10 ball pythons
  7 endoplasms
  A giant cockroach (D:4)
  8 goblins
  10 hobgoblins
  6 jackals
  5 kobolds
  3 quokkas
  6 bats
  6 frilled lizards
  6 rats
328 creatures vanquished.

Vanquished Creatures (others)
  An orc wizard (D:9)
  10 plants (D:11)
  7 withered plants (Ossuary)
18 creatures vanquished.

Grand Total: 346 creatures vanquished

Notes
Turn   | Place    | Note
-------+----------+-------------------------------------------
     0 | D:1      | mtoz the Gargoyle Berserker began the quest for the Orb.
     0 | D:1      | Reached XP level 1. HP: 14/14 MP: 1/1
    80 | D:1      | Reached XP level 2. HP: 13/19 MP: 2/2
   883 | D:2      | Reached skill level 3 in Axes
   921 | D:2      | Reached XP level 3. HP: 4/23 MP: 3/3
  1322 | D:2      | Found a faded altar of an unknown god.
  1351 | D:2      | Noticed a phantom
  1358 | D:2      | Killed a phantom
  1359 | D:2      | Reached skill level 1 in Throwing
  1359 | D:2      | Reached XP level 4. HP: 29/29 MP: 4/4
  1372 | D:2      | Found a bloodstained altar of Trog.
  1490 | D:2      | Reached XP level 5. HP: 33/33 MP: 5/5
  2072 | D:2      | Reached ** piety under Trog
  2274 | D:3      | Noticed Ijyb
  2282 | D:3      | Killed Ijyb
  2519 | D:3      | Noticed a +0 hand axe
  2520 | D:3      | Found a hide-covered altar of Uskayaw.
  2520 | D:3      | Noticed a +0 dagger
  3126 | D:4      | Found Veuhebam's Elemental Accessories.
  3219 | D:4      | Reached skill level 4 in Axes
  3219 | D:4      | Reached XP level 6. HP: 38/38 MP: 6/6
  4440 | D:4      | Found an ancient bone altar of Kikubaaqudgha.
  4841 | D:5      | Entered Level 5 of the Dungeon
  4860 | D:5      | Reached XP level 7. HP: 39/44 MP: 7/7
  4918 | D:5      | Found an ornate altar of the Wu Jian Council.
  4923 | D:5      | Found a bloodstained altar of Trog.
  4949 | D:5      | Noticed Eustachio
  4991 | D:5      | Killed Eustachio
  5143 | D:5      | Found a staircase to the Ecumenical Temple.
  5165 | D:5      | Reached skill level 5 in Axes
  5193 | D:5      | Noticed a yak
  5193 | D:5      | Noticed a yak
  5193 | D:5      | Identified the +10 rapier of the Neverending Tusks {venom,
                  | rElec rN+ Str+2}
  5194 | D:5      | Noticed a yak
  5194 | D:5      | Noticed a yak
  5195 | D:5      | Noticed a yak
  5245 | D:5      | Killed a yak
  5246 | D:5      | Reached skill level 5 in Fighting
  5253 | D:5      | Reached XP level 8. HP: 49/49 MP: 8/8
  5254 | D:5      | Killed a yak
  5478 | D:5      | Killed a yak
  5484 | D:5      | Killed a yak
  5484 | D:5      | Killed a yak
  5485 | D:5      | Reached skill level 6 in Axes
  5485 | D:5      | Reached skill level 5 in Armour
  5563 | D:5      | Noticed Edmund
  5588 | D:5      | Killed Edmund
  5790 | D:5      | Reached XP level 9. HP: 52/55 MP: 9/9
  7165 | D:6      | Found a burning altar of Makhleb.
  7384 | D:6      | Found Qaojoumuq's Antique Armour Shoppe.
  7602 | D:7      | Found an iron altar of Okawaru.
  7693 | D:7      | Reached skill level 7 in Axes
  8763 | D:7      | Reached XP level 10. HP: 40/63 MP: 10/10
  8771 | D:7      | Reached skill level 8 in Axes
  8771 | D:7      | Reached skill level 5 in Throwing
  8771 | D:7      | Reached skill level 5 in Dodging
  9150 | D:8      | Noticed a kobold demonologist
  9156 | D:8      | Killed a kobold demonologist
  9258 | D:8      | Noticed a two-headed ogre
  9273 | D:8      | Killed a two-headed ogre
  9491 | D:8      | Reached skill level 9 in Axes
  9514 | D:8      | Found a sand-covered staircase.
  9519 | Ossuary  | Entered an ossuary
  9733 | Ossuary  | Reached XP level 11. HP: 68/68 MP: 11/11
  9820 | Ossuary  | Reached *** piety under Trog
 10888 | D:8      | Identified the +2 ring mail of Somewhere Else {Str+2}
 11172 | D:9      | Identified a scroll of acquirement
 11172 | D:9      | Acquired the +8 broad axe "Bar Lit" {spect, *Noise Str+3
                  | Dex+3}
 11202 | D:9      | Noticed Erolcha
 11214 | D:9      | Killed Erolcha
 11305 | D:9      | Found a flagged portal.
 11321 | Bailey   | Entered a bailey
 11432 | Bailey   | Identified the +3 trident "Alemuq" {elec, rElec Str+3
                  | Stlth+}
 11432 | Bailey   | Identified the +6 plate armour "Xinotuf" {Contam Int+6}
 11555 | Bailey   | Noticed an orc knight
 11566 | Bailey   | Killed an orc knight
 11668 | Bailey   | Noticed an orc knight
 11680 | Bailey   | Killed an orc knight
 11681 | Bailey   | Reached skill level 10 in Axes
 12396 | D:9      | Found a sparkling altar of Nemelex Xobeh.
 12497 | D:9      | Noticed Maurice
 12512 | D:9      | Killed Maurice
 12533 | D:9      | Reached **** piety under Trog
 12944 | D:9      | Noticed Amaemon
 12959 | D:9      | Killed Amaemon
 12962 | D:9      | Reached XP level 12. HP: 76/76 MP: 12/12
 13172 | D:10     | Entered Level 10 of the Dungeon
 13840 | D:11     | Noticed a tengu warrior
 13850 | D:11     | Killed a tengu warrior
 13930 | D:11     | Reached skill level 11 in Axes
 13977 | D:11     | Found a staircase to the Lair.
 14003 | D:11     | Found Keatew's Weapon Emporium.
 14083 | D:11     | Noticed Josephine
 14086 | D:11     | Noticed a two-headed ogre
 14093 | D:11     | Killed Josephine
 14097 | D:11     | Killed a two-headed ogre
 14146 | D:11     | Noticed Snorg
 14159 | D:11     | Killed Snorg
 14160 | D:11     | Reached skill level 10 in Fighting
 14355 | D:11     | Found a staircase to the Orcish Mines.
 14567 | D:11     | Killed from afar by an oklob plant

Illustrated notes

Levels and vault maps discovered:
D:1:      dpeg_arrival_windows_large_door, layout_basic,
          minmay_shallow_snake_nest
D:2:      minmay_wonky_spiral, layout_loops_corners,
          dreamdust_ecumenical_altar_grove, basic_altar,
          minmay_misc_feat_more_columns, corexii_corridor_pit
D:3:      layout_rooms, dancing_weapons_uskayaw, uniq_ijyb
D:4:      layout_basic, lemuel_coloured_pillars_altar, nicolae_elemental_shop
D:5:      layout_basic, chequers_temple_overflow_statue_of_worship,
          minmay_temple_entry_large_hall, uniq_eustachio, uniq_edmund
D:6:      layout_rooms, makhleb_grotto_becter, serial_shops, shop_coins,
          chequers_serial_rivers_room_b
D:7:      layout_basic, okawaru_trees_1
D:8:      cheibrodos_ideogram_h, layout_loops_cross, enter_ossuary_2,
          abandoned_shop
D:9:      layout_layer_cave, nemelex_diamond_rough_becter, enter_bailey_2,
          uniq_maurice, uniq_erolcha, uniq_amaemon
D:10:     layout_roguey
D:11:     layout_big_octagon, dpeg_oklobed_lair, orc_david_3, serial_shops,
          nicolae_shop_bloodbath_and_beyond, introduction_to_nature_2,
          uniq_josephine, uniq_snorg

Skill      XL: |  1  2  3  4  5  6  7  8  9 10 11 12 |
---------------+-------------------------------------+-----
Axes           | 3 4 5 6 7 9 10 11 | 11.5
Throwing       | 1 2 3 4 5 6 7 |  7.8
Armour         | 3 4 5 6 7 8 9 |  9.7
Dodging        | 2 3 4 5 6 7 |  7.4
Fighting       | 4 5 7 8 9 10 | 10.0

Action                   |  1- 3 |  4- 6 |  7- 9 | 10-12 || total
-------------------------+-------+-------+-------+-------++-------
Melee: Hand axe          |    89 |   246 |   340 |   379 ||  1054
       Punch             |     2 |     2 |     5 |     7 ||    16
       Broad axe         |       |       |       |   175 ||   175
Throw: Dart              |     5 |    36 |    68 |   131 ||   240
       Stone             |       |       |    34 |    25 ||    59
       Boomerang         |       |       |       |    20 ||    20
Invok: Berserk           |     4 |     3 |     6 |    13 ||    26
       Trog's Hand       |       |     3 |     8 |    16 ||    27
  Use: Scroll            |     1 |    12 |     2 |     9 ||    24
       Potion            |       |       |       |     8 ||     8
 Stab: Sleeping          |     1 |       |       |       ||     1
Armor: Animal skin       |    22 |       |       |       ||    22
       Ring mail         |    14 |   117 |   261 |    65 ||   457
       Plate armour      |       |       |       |   309 ||   309
Dodge: Dodged            |    57 |   127 |   275 |   240 ||   699
